 Dungeon Crawl Stone Soup version 0.17.1-3-g152610e (webtiles) character file.

1887 juanjsm the Covert (level 8, 0/39 HPs)
             Began as a Spriggan Enchanter on Apr 27, 2016.
             Was an Initiate of Ashenzari.
             Slain by a killer bee (7 damage)
             ... on level 8 of the Dungeon.
             The game lasted 00:21:09 (3833 turns).

juanjsm the Covert (Spriggan Enchanter)             Turns: 3833, Time: 00:21:10

Health: 0/39       AC:  5    Str:  4    XL:     8   Next: 92%
Magic:  3/18       EV: 33    Int: 19    God:    Ashenzari [......]
Gold:   213        SH:  0    Dex: 21    Spells: 4 memorised, 11 levels left

rFire  . . .     SeeInvis +     k - +2 dagger (venom)
rCold  . . .     Clarity  .     t - +2 robe {MR+}
rNeg   . . .     SustAt   .     (shield restricted)
rPois  .         Gourm    .     (helmet restricted)
rElec  .         Spirit   .     (no cloak)
rCorr  .         Warding  .     (gloves unavailable)
rMut   .         Stasis   .     (boots unavailable)
MR     ++...                    (no amulet)
Stlth  +++++++...               (no ring)
                                i - +6 ring of evasion

@: agile, very quick, very resistant to hostile enchantments, extremely stealthy
A: unfitting armour, rugged brown scales 1, see invisible, herbivore 3, speed 3,
slow metabolism 2
a: Renounce Religion


You were on level 8 of the Dungeon.
You worshipped Ashenzari.
Ashenzari was noncommittal.
You were not hungry.

You visited 2 branches of the dungeon, and saw 8 of its levels.
You also visited: Bailey.

You collected 213 gold pieces.

Inventory:

Hand Weapons
 k - a +2 dagger of venom (weapon)
 l - a +1 dagger of draining
Armour
 t - a +2 robe of magic resistance (worn)
 x - a +0 robe of positive energy
Jewellery
 i - a +6 ring of evasion (left hand)
Wands
 m - a wand of fire (13)
 r - a wand of digging (11)
 w - a wand of draining (5)
Scrolls
 e - a scroll of noise {unknown}
 j - a scroll of identify {unknown}
 n - 2 scrolls of amnesia {unknown}
 q - a scroll of blinking {unknown}
 v - a scroll of magic mapping {unknown}
 y - a scroll of remove curse
Potions
 a - 3 potions of agility
 b - a potion of magic {unknown}
 f - a potion of flight
 g - a potion of might {unknown}
 h - a potion of invisibility {unknown}
 o - 2 potions of beneficial mutation
 p - a potion of heal wounds
 s - a potion of brilliance {unknown}
 u - a potion of haste {unknown}
 z - a potion of resistance {unknown}
 A - a potion of curing {unknown}
Books
 c - a book of Maledictions

   Spells                             Type                      Level
   a - Corona                         Hexes                        1
   b - Ensorcelled Hibernation        Hexes/Ice                    2
   c - Confuse                        Hexes                        3
   d - Tukima's Dance                 Hexes                        3
   e - Dazzling Spray                 Conjuration/Hexes            3
Comestibles
 d - 2 bread rations


   Skills:
 + Level 1.7 Fighting
 + Level 2.9 Short Blades
 + Level 5.5 Dodging
 + Level 11.6 Stealth
 + Level 6.6 Spellcasting
 + Level 7.0 Hexes
 + Level 2.2 Ice Magic


You had 11 spell levels left.
You knew the following spells:

 Your Spells              Type           Power        Failure   Level  Hunger
a - Corona                Hex            ####...      1%          1    None
b - Ensorcelled Hibernat  Hex/Ice        ###...       2%          2    None
c - Confuse               Hex            ####....     1%          3    ##.....
d - Dazzling Spray        Conj/Hex       ###.....     10%         3    ##.....


Dungeon Overview and Level Annotations

Branches:
Dungeon (8/15)             Temple (1/1) D:4
   Lair: D:8-11

Altars:
Ashenzari
Cheibriados
Dithmenos
Elyvilon
Fedhas
Gozag
Kikubaaqudgha
Nemelex Xobeh
Qazlal
Ru
Vehumet
Zin


Innate Abilities, Weirdness & Mutations

You are tiny and cannot use many weapons and most armour.
You have supernaturally acute eyesight.
You are a herbivore.
You cover ground extremely quickly.
You need consume almost no food.
You are partially covered in rugged brown scales (AC +1, +3% HP).


Message History

You hit the killer bee.
The killer bee is poisoned.
The killer bee is lightly wounded.
The killer bee closely misses you. The killer bee completely misses you.
The killer bee stings you but does no damage.
The killer bee completely misses you. The killer bee closely misses you.
You miss the killer bee.
The killer bee is heavily wounded.
The killer bee misses you. x2
The killer bee stings you but does no damage.
The killer bee completely misses you.
You miss the killer bee.
The killer bee is severely wounded.
The killer bee completely misses you. x2
The killer bee misses you. The killer bee completely misses you.
The killer bee closely misses you.
You hit the killer bee.
You kill the killer bee!
The killer bee completely misses you. x3
The killer bee stings you!
You die...

♣.## ♣..### ♣#...# ♣....#
########## ♣♣....#####
#........#
♣..>......#######.....)..#
.......###...#..#.....)∩).#
###.##.................)..#
... ##..>......@y........#
..o..##.######..#y........#
........# ######.........#
.. ...#####..............#
......................##
..............#.......# .[.
....$.....!.########## ...
.####.....?# o... #......#


You could see 2 killer bees.

Vanquished Creatures
  Pikel (D:5)
  An orc knight (D:8)
  An ice beast (D:5)
  An orc warrior (Bailey)
  A centaur (D:8)
  2 phantoms
  3 scorpions
  A killer bee (D:8)
  A giant frog zombie (D:8)
  Jessica (D:2)
  2 orc wizards (D:4)
  3 worker ants
  An iguana (D:4)
  A worker ant zombie (D:5)
  3 gnolls (D:4)
  5 adders
  3 oozes
  3 worms (D:2)
  2 adder skeletons
  5 giant geckos
  2 orcs (D:4)
  11 goblins
  3 hobgoblins
  2 quokkas (D:3)
  6 bats
  5 giant cockroaches
  A giant gecko skeleton (D:4)
  5 giant newts
  4 jackals
  15 kobolds
  A quokka skeleton (D:5)
  7 rats
103 creatures vanquished.

Vanquished Creatures (others)
  A worker ant (D:5)
  A giant cockroach (D:5)
  A giant newt (D:4)
3 creatures vanquished.

Grand Total: 106 creatures vanquished

Notes
Turn   | Place    | Note
--------------------------------------------------------------
     0 | D:1      | juanjsm the Spriggan Enchanter began the quest for the Orb.
     0 | D:1      | Reached XP level 1. HP: 9/9 MP: 5/5
   276 | D:1      | Reached XP level 2. HP: 10/13 MP: 6/6
   280 | D:1      | Learned a level 2 spell: Ensorcelled Hibernation
   823 | D:1      | Reached skill level 5 in Stealth
  1011 | D:2      | Reached XP level 3. HP: 16/16 MP: 5/8
  1016 | D:2      | Learned a level 3 spell: Confuse
  1089 | D:3      | Found a snail-covered altar of Cheibriados.
  1156 | D:2      | Reached XP level 4. HP: 21/21 MP: 0/10
  1161 | D:2      | Learned a level 3 spell: Dazzling Spray
  1188 | D:2      | Reached skill level 6 in Stealth
  1277 | D:2      | Noticed Jessica
  1372 | D:2      | Killed Jessica
  1832 | D:3      | Reached XP level 5. HP: 25/25 MP: 8/11
  1964 | D:3      | Found a blossoming altar of Fedhas.
  2153 | D:3      | Reached skill level 7 in Stealth
  2193 | D:4      | Noticed a phantom
  2224 | D:5      | Entered Level 5 of the Dungeon
  2248 | D:4      | Killed a phantom
  2248 | D:4      | Reached XP level 6. HP: 10/29 MP: 2/13
  2522 | D:4      | Reached skill level 1 in Ice Magic
  2911 | D:4      | Reached skill level 5 in Hexes
  2917 | D:4      | Found a staircase to the Ecumenical Temple.
  3121 | Temple   | Entered the Ecumenical Temple
  3187 | Temple   | Became a worshipper of Ashenzari the Shackled
  3290 | D:4      | Reached skill level 8 in Stealth
  3370 | D:5      | Found a stormy altar of Qazlal.
  3373 | D:5      | Found a shadowy altar of Dithmenos.
  3373 | D:5      | Noticed a phantom
  3382 | D:5      | Killed a phantom
  3382 | D:5      | Reached skill level 1 in Fighting
  3382 | D:5      | Reached XP level 7. HP: 31/33 MP: 9/15
  3385 | D:5      | Found a white marble altar of Elyvilon.
  3421 | D:5      | Noticed a slave
  3424 | D:5      | Noticed Pikel
  3426 | D:5      | Noticed a slave
  3426 | D:5      | Noticed a slave
  3441 | D:5      | Killed Pikel
  3441 | D:5      | Reached skill level 10 in Stealth
  3441 | D:5      | Reached skill level 5 in Spellcasting
  3441 | D:5      | Reached XP level 8. HP: 17/37 MP: 10/17
  3445 | D:5      | Noticed a freed slave
  3546 | D:5      | Noticed an ice beast
  3553 | D:5      | Killed an ice beast
  3599 | D:5      | Found a radiant altar of Vehumet.
  3618 | D:5      | You fall through a shaft for 3 floors!
  3633 | D:8      | Reached skill level 5 in Dodging
  3634 | D:8      | Found a flagged portal.
  3646 | Bailey   | Entered a bailey
  3706 | Bailey   | Reached skill level 11 in Stealth
  3741 | Bailey   | Noticed an orc knight
  3772 | Bailey   | Gained mutation: You are partially covered in rugged brown scales (AC +1, +3% HP). [potion of beneficial mutation]
  3825 | D:8      | Killed an orc knight
  3833 | D:8      | Slain by a killer bee

Action                   |  1- 3 |  4- 6 |  7- 9 || total
-------------------------+-------+-------+-------++-------
Melee: Dagger            |    65 |   114 |    47 ||   226
 Cast: Corona            |     3 |       |       ||     3
       Ensorcelled Hiber |    17 |    34 |     6 ||    57
       Confuse           |       |     5 |    13 ||    18
       Dazzling Spray    |       |     1 |       ||     1
  Use: Scroll            |       |     6 |       ||     6
       Potion            |       |       |     4 ||     4
 Stab: Sleeping          |    27 |    32 |     8 ||    67
       Distracted        |       |     2 |     2 ||     4
       Confused          |       |     1 |     1 ||     2
  Eat: Bread ration      |       |     1 |       ||     1
